[Event "Titled Tuesday Blitz May 03 Early 2022"]
[White "Tatarinov, Dmitry"]
[Black "Kazakouski, Valery"]
[WhiteFideId "24160067"]
[BlackFideId "13507443"]
[WhiteElo "2302"]
[BlackElo "2524"]
[Result "0-1"]
[Round "07"]
[TimeControl "180+1"]
[Date "2022.05.03"]
[WhiteClock "0:00:34"]
[BlackClock "0:00:50"]

1. d4 Nf6 2. Nf3 e6 3. c4 d5 4. g3 dxc4 5. Bg2 Bd7 6. O-O Bc6 7. Qc2 b5 8. Nc3 a6 9. a3 Be7 10. e4 O-O 11. Bf4 Nbd7 12. Rad1 Bb7 13. Rfe1 h6 14. h3 Re8 15. g4 c5 16. d5 exd5 17. e5 d4 18. exf6 Bxf6 19. Rxe8+ Qxe8 20. Re1 Qf8 21. Ne4 Be7 22. Ng3 Bd6 23. Bxd6 Qxd6 24. Nf5 Qf4 25. Re7 Bxf3 26. Bxf3 Qxf3 27. Rxd7 Re8 28. Ne7+ Kh8 29. Qf5 Qxf5 30. gxf5 c3 31. bxc3 dxc3 32. Rc7 c4 33. Rc8 Rxc8 34. Nxc8 c2 0-1


[Site "https://www.chess.com"]

[Event "Titled Tuesday Blitz May 03 Early 2022"]
[White "Thybo, Jesper Sondergaard"]
[Black "Nguyen, Hong Anh"]
[WhiteFideId "1438832"]
[BlackFideId "12406732"]
[WhiteElo "2316"]
[BlackElo "2016"]
[Result "0-1"]
[Round "07"]
[TimeControl "180+1"]
[Date "2022.05.03"]
[WhiteClock "0:00:26"]
[BlackClock "0:00:28"]

1. Nf3 Nf6 2. b3 g6 3. Bb2 Bg7 4. g3 O-O 5. Bg2 d5 6. O-O c5 7. e3 Nc6 8. Ne5 Qc7 9. Nxc6 Qxc6 10. c4 Bg4 11. Qc1 Qd7 12. cxd5 Bh3 13. Bxh3 Qxh3 14. f3 h5 15. Rf2 Nxd5 16. Bxg7 Kxg7 17. Qxc5 Rac8 18. Qd4+ f6 19. Nc3 Nxc3 20. dxc3 Rfd8 21. Qe4 Rd7 22. c4 Rcd8 23. Qc2 Rd3 24. Re1 Qf5 25. Kg2 h4 26. g4 Qe5 27. h3 Qg3+ 28. Kf1 Qxh3+ 29. Ke2 Qg3 30. Ref1 Qd6 0-1


[Site "https://www.chess.com"]

[Event "Titled Tuesday Blitz May 03 Early 2022"]
[White "Todorovic, Bojan"]
[Black "Andreev, Eduard"]
[WhiteFideId "917087"]
[BlackFideId "14103400"]
[WhiteElo "2266"]
[BlackElo "2382"]
[Result "0-1"]
[Round "07"]
[TimeControl "180+1"]
[Date "2022.05.03"]
[WhiteClock "0:00:04"]
[BlackClock "0:01:32"]

1. d4 Nf6 2. c4 e6 3. Nc3 Bb4 4. e3 O-O 5. Ne2 Re8 6. a3 Bf8 7. e4 d5 8. e5 Nfd7 9. Ng3 c5 10. cxd5 exd5 11. f4 cxd4 12. Qxd4 Nc6 13. Qf2 Bc5 14. Qc2 Nd4 15. Qd3 Nb3 16. Rb1 Qh4 17. Be2 Nxc1 18. Rxc1 Qxf4 19. Rc2 Nxe5 20. Qxd5 Bf2+ 0-1


[Site "https://www.chess.com"]

[Event "Titled Tuesday Blitz May 03 Early 2022"]
[White "Toncheva, Nadya"]
[Black "Ramirez Vido, Robert Yorisan"]
[WhiteFideId "2924056"]
[BlackFideId "3513823"]
[WhiteElo "1884"]
[BlackElo "2304"]
[Result "0-1"]
[Round "07"]
[TimeControl "180+1"]
[Date "2022.05.03"]
[WhiteClock "0:00:04"]
[BlackClock "0:00:10"]

1. d4 g6 2. c4 Nf6 3. Nc3 Bg7 4. e4 d6 5. Be2 O-O 6. Bg5 Na6 7. Qd2 e5 8. d5 Nc5 9. Qc2 a5 10. h4 h6 11. Be3 b6 12. O-O-O a4 13. Nh3 Ng4 14. Bxg4 Bxg4 15. f3 Bxh3 16. Rxh3 a3 17. b3 f5 18. h5 Qf6 19. hxg6 Qxg6 20. Rdh1 fxe4 21. Bxh6 Nd3+ 22. Kb1 exf3 23. Bxg7 fxg2 24. Rh8+ Kxg7 25. R8h7+ Kg8 26. Rh8+ Kf7 27. Rxf8+ Rxf8 28. Rg1 Ke7 29. Qxg2 Qxg2 30. Rxg2 Rf1+ 31. Nd1 Rxd1+ 32. Kc2 Nb2 33. Rg7+ Kd8 34. Rg8+ Kd7 35. Rg7+ Kc8 36. Rg8+ Kb7 37. b4 Rh1 38. Kb3 Rh3+ 39. Kc2 Nxc4 40. Rg4 b5 41. Rg1 e4 42. Re1 e3 43. Kb3 Rh2 44. Re2 Rxe2 45. Kc3 Rxa2 46. Kd4 e2 47. Kc3 e1=Q+ 48. Kb3 0-1


[Site "https://www.chess.com"]

[Event "Titled Tuesday Blitz May 03 Early 2022"]
[White "Van den Dikkenberg, Erik"]
[Black "Karavade, Eesha"]
[WhiteFideId "1005880"]
[BlackFideId "5012600"]
[WhiteElo "2118"]
[BlackElo "2258"]
[Result "1/2-1/2"]
[Round "07"]
[TimeControl "180+1"]
[Date "2022.05.03"]
[WhiteClock "0:00:03"]
[BlackClock "0:00:18"]

1. e4 c5 2. Nc3 d6 3. f4 Nc6 4. Nf3 g6 5. Bb5 Bd7 6. Bxc6 Bxc6 7. O-O Bg7 8. d3 Nf6 9. Qe1 Qd7 10. a3 O-O 11. h3 b5 12. Qh4 b4 13. Ne2 Ba4 14. b3 Bc6 15. Ra2 bxa3 16. Rxa3 a5 17. f5 a4 18. Bh6 axb3 19. Rxb3 e6 20. fxg6 fxg6 21. Ng5 Bxh6 22. Qxh6 c4 23. dxc4 Nxe4 24. Rxf8+ Rxf8 25. Rf3 Rxf3 26. Nxf3 Qa7+ 27. Kh2 Qf2 28. Nfd4 Bd7 29. Qf4 Qxf4+ 30. Nxf4 e5 31. Nd5 exd4 32. g3 Kf7 33. Kg2 Ba4 34. Kf3 Nc5 35. Nb4 Ke6 36. Ke2 Ke5 37. Kd2 Ke4 38. g4 Kf3 39. Nd5 Kg3 40. Nf6 h6 41. Ng8 h5 42. gxh5 gxh5 43. Nf6 h4 44. Nh5+ Kxh3 45. Nf4+ Kg3 46. Nd5 h3 47. c3 dxc3+ 48. Kxc3 h2 49. Ne3 h1=Q 50. Kd4 Qe4+ 51. Kc3 Qxe3+ 52. Kb4 Qb3+ 53. Ka5 Nb7+ 54. Ka6 Bc6 55. Ka7 Nd8 56. Ka6 Qb7+ 57. Ka5 Qa7+ 58. Kb4 Qc5+ 59. Kc3 Ne6 60. Kb3 Nd4+ 61. Kc3 Ba4 62. Kd3 d5 63. cxd5 Qxd5 64. Kc3 Nc6 65. Kb2 Qd4+ 66. Ka3 Qb4+ 67. Ka2 Bb3+ 68. Kb2 Bc4+ 69. Kc1 Qc3+ 70. Kd1 Nd4 1/2-1/2


[Site "https://www.chess.com"]

[Event "Titled Tuesday Blitz May 03 Early 2022"]
[White "Visakh N R"]
[Black "Safarli, Eltaj"]
[WhiteFideId "25012223"]
[BlackFideId "13402129"]
[WhiteElo "2448"]
[BlackElo "2634"]
[Result "1-0"]
[Round "07"]
[TimeControl "180+1"]
[Date "2022.05.03"]
[WhiteClock "0:02:11"]
[BlackClock "0:00:59"]

1. e4 c5 2. Nf3 Nc6 3. Nc3 e6 4. Bb5 Nge7 5. O-O a6 6. Bxc6 Nxc6 7. d4 cxd4 8. Nxd4 Be7 9. Be3 O-O 10. Nxc6 bxc6 11. e5 f6 12. f4 Rb8 13. b3 Qa5 14. Bd2 fxe5 15. Kh1 Bb4 16. Rf3 exf4 17. a3 Bxc3 18. Bxc3 Qf5 19. Qd4 Rf7 20. Raf1 Qd5 21. Rxf4 Qxd4 22. Rxf7 Qf6 23. Bxf6 gxf6 24. R1xf6 1-0


[Site "https://www.chess.com"]

[Event "Titled Tuesday Blitz May 03 Early 2022"]
[White "Vlassov, Nikolai"]
[Black "Murtazin, Bulat"]
[WhiteFideId "4103360"]
[BlackFideId "24151351"]
[WhiteElo "2407"]
[BlackElo "2329"]
[Result "1-0"]
[Round "07"]
[TimeControl "180+1"]
[Date "2022.05.03"]
[WhiteClock "0:00:03"]
[BlackClock "0:00:01"]

1. e4 c6 2. d4 d5 3. e5 Bf5 4. Nc3 e6 5. g4 Bg6 6. Nge2 h5 7. Nf4 Bh7 8. Nxh5 c5 9. dxc5 Nc6 10. Bb5 Qc7 11. Bf4 g6 12. Ng3 g5 13. Bxg5 Qxe5+ 14. Be3 Bxc5 15. Bxc6+ bxc6 16. Qe2 d4 17. Bd2 Qxe2+ 18. Ncxe2 Bxc2 19. Rc1 d3 20. Nf4 Bd4 21. Bc3 Bxc3+ 22. bxc3 Nf6 23. f3 Rb8 24. Kd2 Rb2 25. Nxd3 Bxd3+ 26. Kxd3 Rhxh2 27. Rxh2 Rxh2 28. c4 Rxa2 29. g5 Nd7 30. Ne4 Ne5+ 31. Kd4 Nxf3+ 32. Kc5 Ne5 33. Kd6 Ra5 34. c5 Nf3 35. Rh1 Kf8 36. Kxc6 Ra4 37. Nd6 Ne5+ 38. Kb7 Rb4+ 39. Kc7 a5 40. Re1 Nd3 41. Rf1 Nxc5 42. Rxf7+ Kg8 43. Re7 a4 44. Kc6 Nd3 45. Nf7 a3 46. Nh6+ Kf8 47. Ra7 Rb3 48. Kd6 Nc1 49. Kxe6 a2 50. g6 Rg3 51. g7+ Rxg7 52. Ra8# 1-0


[Site "https://www.chess.com"]

[Event "Titled Tuesday Blitz May 03 Early 2022"]
[White "Vokarev, Sergey"]
[Black "Vovk, Orest"]
[WhiteFideId "4119711"]
[BlackFideId "14113490"]
[WhiteElo "2343"]
[BlackElo "2203"]
[Result "0-1"]
[Round "07"]
[TimeControl "180+1"]
[Date "2022.05.03"]
[WhiteClock "0:00:08"]
[BlackClock "0:00:06"]

1. e4 g5 2. d4 h6 3. h4 g4 4. Nc3 Bg7 5. Be3 d6 6. h5 c6 7. Nge2 Qa5 8. Qd2 b5 9. Ng3 Nf6 10. Bd3 b4 11. Nce2 Ba6 12. a3 Bxd3 13. cxd3 Na6 14. Nf5 Bf8 15. O-O Qb5 16. axb4 Nxb4 17. Ra3 Nxh5 18. d5 cxd5 19. Nc3 Qd7 20. Re1 g3 21. f4 e6 22. Nh4 Be7 23. Nf3 dxe4 24. dxe4 Nf6 25. Bd4 Rg8 26. e5 Ng4 27. Ne4 dxe5 28. fxe5 Nc6 29. Bc3 Qxd2 30. Nfxd2 Bxa3 31. bxa3 Ncxe5 32. Nxg3 Nd7 33. Bd4 a6 34. Nge4 Ke7 35. Nc4 f5 36. Nc3 Rgc8 37. Na5 Kf7 38. Rd1 Ndf6 39. Bb6 Rxc3 0-1


[Site "https://www.chess.com"]

[Event "Titled Tuesday Blitz May 03 Early 2022"]
[White "Vysochin, Spartak"]
[Black "Vasquez Schroeder, Rodrigo"]
[WhiteFideId "14103516"]
[BlackFideId "3400042"]
[WhiteElo "2385"]
[BlackElo "2561"]
[Result "1/2-1/2"]
[Round "07"]
[TimeControl "180+1"]
[Date "2022.05.03"]
[WhiteClock "0:00:13"]
[BlackClock "0:00:25"]

1. e4 c5 2. c3 Nf6 3. e5 Nd5 4. d4 cxd4 5. cxd4 d6 6. Bc4 Nb6 7. Bb3 d5 8. Bc2 Nc6 9. Nc3 g6 10. Nge2 Bg7 11. O-O O-O 12. Nf4 a6 13. Re1 e6 14. b3 Bd7 15. Be3 Rc8 16. Qd2 Qc7 17. Rac1 Qd8 18. Bb1 Qe7 19. g3 Qb4 20. h4 Rfd8 21. h5 Ne7 22. Nd3 Qa3 23. Nc5 Bc6 24. Bg5 Re8 25. Bf6 Nd7 26. Bxg7 Kxg7 27. h6+ Kf8 28. Qf4 Nxc5 29. Qf6 Ng8 30. Qg7+ Ke7 31. dxc5 Qa5 32. Ne2 Rf8 33. Nf4 Qd2 34. Bxg6 Nxh6 35. Qf6+ Kd7 36. Rcd1 Qxf2+ 37. Kxf2 Ng4+ 38. Kg1 Nxf6 39. exf6 hxg6 40. Nd3 Kc7 41. Ne5 b6 42. Rc1 Bb7 43. cxb6+ Kd6 44. Rxc8 Bxc8 45. g4 Bb7 46. g5 d4 47. Kf2 Kd5 48. Nc4 Kc5 49. Re5+ Bd5 50. Ke2 Rh8 51. Kd3 Rh3+ 52. Kd2 Rh8 53. Re1 Bxc4 54. Rc1 Kxb6 55. Rxc4 Rh5 56. Rxd4 Rxg5 57. Rd7 Rd5+ 58. Rxd5 exd5 59. Kd3 Kc5 60. a3 a5 61. b4+ axb4 62. axb4+ Kxb4 63. Kd4 g5 64. Kxd5 Kc3 65. Ke4 Kc4 66. Kf5 Kd5 67. Kxg5 Ke5 68. Kg4 Kxf6 69. Kf4 Ke6 70. Ke4 Kf6 71. Kf4 Kg6 72. Kg4 f6 73. Kf4 f5 74. Kf3 Kf6 75. Kf4 Ke6 76. Kf3 Ke5 77. Ke3 f4+ 78. Kf3 Kf5 79. Kf2 Ke4 80. Ke2 f3+ 81. Kf2 Kf4 82. Kf1 Kg3 83. Kg1 Kg4 84. Kf2 Kf4 85. Kf1 Kf5 86. Kf2 Ke4 87. Kf1 Ke3 88. Ke1 f2+ 89. Kf1 Kf3 1/2-1/2


[Site "https://www.chess.com"]

[Event "Titled Tuesday Blitz May 03 Early 2022"]
[White "Warchol, Kamil"]
[Black "Ratnakaran, K."]
[WhiteFideId "21858241"]
[BlackFideId "5005507"]
[WhiteElo "1910"]
[BlackElo "2407"]
[Result "0-1"]
[Round "07"]
[TimeControl "180+1"]
[Date "2022.05.03"]
[WhiteClock "0:00:12"]
[BlackClock "0:01:51"]

1. e4 c5 2. Nf3 d6 3. d4 cxd4 4. Nxd4 Nf6 5. Nc3 g6 6. Be3 Bg7 7. f3 O-O 8. Qd2 Nc6 9. g4 h5 10. gxh5 Nxh5 11. O-O-O Bd7 12. Kb1 Rc8 13. Nce2 Ne5 14. Ng3 Nf6 15. h4 Qb6 16. Ndf5 Nxf3 17. Qc1 Qd8 18. Nxg7 Kxg7 19. Bh6+ Kg8 20. Bxf8 Qxf8 21. h5 Bg4 22. hxg6 fxg6 23. Bd3 Rc5 24. Rdf1 Nd7 25. Be2 Nde5 26. Rf2 Nd2+ 27. Qxd2 Qxf2 28. Qh6 Bxe2 29. Qh7+ Kf8 30. Qh8+ Kf7 31. Rh7+ Ke6 0-1


[Site "https://www.chess.com"]

[Event "Titled Tuesday Blitz May 03 Early 2022"]
[White "Williams, Simon K"]
[Black "Lashkin, Jegor"]
[WhiteFideId "404454"]
[BlackFideId "13907808"]
[WhiteElo "2468"]
[BlackElo "2368"]
[Result "0-1"]
[Round "07"]
[TimeControl "180+1"]
[Date "2022.05.03"]
[WhiteClock "0:00:04"]
[BlackClock "0:00:04"]

1. f4 d5 2. e3 Nf6 3. Nf3 Bf5 4. b3 e6 5. Bb2 Be7 6. g3 c5 7. Bg2 Nc6 8. d3 h5 9. h3 Qb6 10. Qe2 c4 11. O-O cxd3 12. cxd3 Qa6 13. Rd1 Ne4 14. Kh2 Nc5 15. Bf1 Nb4 16. Ne1 Rc8 17. Nc3 Bf6 18. Qd2 Qb6 19. e4 dxe4 20. dxe4 Rd8 21. Qe3 Nxe4 22. Rxd8+ Bxd8 23. Bb5+ Nc6 24. Qxb6 Bxb6 25. Nxe4 Bxe4 26. Bxg7 Rg8 27. Bf6 Bf2 28. Bh4 a6 29. Bf1 Nd4 30. Bg2 Ne2 31. Rd1 Bxg3+ 32. Bxg3 Nxg3 33. Nf3 Bxf3 34. Bxf3 b6 35. Rd6 Ke7 36. Rxb6 Nf5 37. Rxa6 Rd8 38. Ra7+ Kf6 39. a4 Rd2+ 40. Kg1 h4 41. a5 Nd4 42. Bg2 Ne2+ 43. Kf2 Nxf4+ 44. Ke3 Rxg2 45. Kxf4 Rg3 46. b4 Rxh3 47. a6 Rb3 48. Rb7 Ra3 49. a7 h3 50. Rb8 Rxa7 51. Rh8 Ra4 52. Rh6+ Ke7 53. Ke5 Rxb4 54. Rxe6+ Kf8 55. Rh6 Rb3 56. Rh8+ Kg7 57. Rh4 Rf3 58. Ke4 Ra3 59. Rh5 Kg6 60. Rh8 Kg5 61. Rg8+ Kh4 62. Rh8+ Kg3 63. Rg8+ Kh2 64. Rg7 Ra7 65. Kf3 Ra3+ 66. Kf2 Ra2+ 67. Kf1 Ra1+ 68. Kf2 f5 69. Rf7 Ra2+ 70. Kf1 Ra5 71. Rg7 f4 72. Kf2 Ra2+ 73. Kf1 Rg2 74. Rf7 Rg4 75. Kf2 Kh1 76. Rh7 h2 77. Rh5 Rg3 78. Rh4 Rg2+ 79. Kf1 Ra2 80. Rxf4 Ra1+ 81. Kf2 Rg1 82. Rh4 Rg8 83. Rh5 Rf8+ 84. Kg3 Kg1 0-1


[Site "https://www.chess.com"]

[Event "Titled Tuesday Blitz May 03 Early 2022"]
[White "Wong, Yinn Long"]
[Black "Cunha, Lucas Aguiar"]
[WhiteFideId "5707684"]
[BlackFideId "2125404"]
[WhiteElo "2055"]
[BlackElo "2361"]
[Result "1-0"]
[Round "07"]
[TimeControl "180+1"]
[Date "2022.05.03"]
[WhiteClock "0:00:06"]
[BlackClock "0:00:04"]

1. d4 Nf6 2. Nf3 c5 3. d5 b5 4. e4 Nxe4 5. Bd3 f5 6. O-O Qb6 7. a4 b4 8. Re1 Qg6 9. Nh4 Qf6 10. Nxf5 Qxf5 11. Bxe4 Qf6 12. Nd2 d6 13. Nf3 h6 14. Qd3 g5 15. Nd2 Bg7 16. Bg6+ Kd8 17. Nf1 Rf8 18. f3 Ba6 19. Qe4 Nd7 20. Ng3 Ne5 21. Bf5 b3 22. c3 Bd3 23. Qxd3 Nxd3 24. Bxd3 Qf7 25. Re6 Bf6 26. Bd2 h5 27. Rae1 h4 28. Ne4 Kc7 29. Nxf6 exf6 30. Re7+ Kb6 31. Rxf7 Rxf7 32. Re6 Rd8 33. Bg6 Rff8 34. c4 Rd7 35. Bc3 f5 36. Kf2 g4 37. h3 g3+ 38. Ke2 f4 39. Re4 a5 40. Bh5 Kc7 41. Re6 Kd8 42. Kd3 Kc7 43. Bxa5+ Kb7 44. Bc3 Kb6 45. a5+ Kc7 46. Bg4 Kd8 47. Rh6 Re7 48. Rxd6+ Kc7 49. Rc6+ Kb8 50. Rb6+ Ka7 51. Re6 Rc7 52. Be5 Rb7 53. Rc6 Rb4 54. Bd6 1-0


[Site "https://www.chess.com"]

[Event "Titled Tuesday Blitz May 03 Early 2022"]
[White "Yuan, Qingyu"]
[Black "Sokolovsky, Yahli"]
[WhiteFideId "8609772"]
[BlackFideId "2820242"]
[WhiteElo "2359"]
[BlackElo "1770"]
[Result "0-1"]
[Round "07"]
[TimeControl "180+1"]
[Date "2022.05.03"]
[WhiteClock "0:00:02"]
[BlackClock "0:00:07"]

1. e4 g6 2. d4 Bg7 3. Nf3 d6 4. Be3 a6 5. c4 b6 6. Nc3 Bb7 7. Bd3 Nd7 8. O-O c5 9. d5 Ngf6 10. Qd2 Ng4 11. Bg5 O-O 12. Be2 h6 13. Bf4 Kh7 14. h3 Nge5 15. Nxe5 dxe5 16. Bh2 Qc7 17. a3 Rad8 18. b4 Nf6 19. Rab1 cxb4 20. axb4 Ne8 21. Rfc1 Bc8 22. Bd3 f5 23. Na4 Bd7 24. Ra1 fxe4 25. Bxe4 Nd6 26. f3 Bxa4 27. Rxa4 Nxc4 28. Qd3 b5 29. Rxa6 Rd6 30. Bxg6+ Kh8 31. Rc6 Rxc6 32. dxc6 Qxc6 33. Kh1 Qb6 34. Bg1 Qf6 35. Be4 Qf4 36. Ra1 Qf6 37. Ra7 Qd6 38. Bc5 Qxd3 39. Bxd3 Bf6 40. Rb7 Rd8 41. Be4 Nd6 42. Bxd6 exd6 43. Rxb5 Rc8 44. Bd5 Bg5 45. Kg1 Rc1+ 46. Kf2 Rc2+ 47. Kf1 Rc1+ 48. Ke2 Rc2+ 49. Kd3 Rd2+ 50. Ke4 Rxg2 51. Rb7 Rd2 52. Be6 Rd4+ 53. Kf5 Rf4+ 54. Kg6 Rf6+ 55. Kh5 Rxe6 56. h4 Be3 57. b5 d5 58. Rc7 Rb6 59. Rc4 dxc4 0-1


[Site "https://www.chess.com"]

[Event "Titled Tuesday Blitz May 03 Early 2022"]
[White "Yurovskykh, Oleksandr"]
[Black "Vusatiuk, Vladimir"]
[WhiteFideId "14134020"]
[BlackFideId "14118610"]
[WhiteElo "2292"]
[BlackElo "2157"]
[Result "1-0"]
[Round "07"]
[TimeControl "180+1"]
[Date "2022.05.03"]
[WhiteClock "0:01:01"]
[BlackClock "0:00:12"]

1. d4 Nf6 2. Nf3 e6 3. Bg5 h6 4. Bh4 d5 5. e3 Be7 6. Nbd2 O-O 7. Bd3 c5 8. c3 Nc6 9. O-O b6 10. Qe2 Bb7 11. Ne5 Nxe5 12. dxe5 Nd7 13. Bxe7 Qxe7 14. f4 f6 15. exf6 Rxf6 16. e4 Raf8 17. g3 e5 18. exd5 Bxd5 19. Bc4 Qe6 20. Rae1 Re8 21. Bxd5 Qxd5 22. Qc4 Qxc4 23. Nxc4 Rfe6 24. Rd1 R8e7 25. f5 Rf6 26. g4 e4 27. Rfe1 h5 28. h3 hxg4 29. hxg4 g6 30. Ne3 Ne5 31. Rd8+ Kg7 32. Red1 Nd3 33. Nd5 Re5 34. Nxf6 Kxf6 35. Rd6+ Kg5 36. Rxg6+ Kf4 37. Re6 Kxg4 38. Rxd3 Rxe6 39. fxe6 exd3 40. Kf2 d2 41. Ke2 Kf5 42. e7 d1=Q+ 43. Kxd1 1-0


[Site "https://www.chess.com"]

[Event "Titled Tuesday Blitz May 03 Early 2022"]
[White "Zainullina, Nataliya"]
[Black "Kanyamarala, Trisha"]
[WhiteFideId "4145488"]
[BlackFideId "45004722"]
[WhiteElo "2078"]
[BlackElo "2079"]
[Result "0-1"]
[Round "07"]
[TimeControl "180+1"]
[Date "2022.05.03"]
[WhiteClock "0:01:00"]
[BlackClock "0:00:28"]

1. Nf3 d5 2. g3 e6 3. Bg2 b5 4. O-O Nf6 5. d4 c5 6. b3 Nbd7 7. Nbd2 Bb7 8. c4 a6 9. Bb2 bxc4 10. bxc4 cxd4 11. Nxd4 Be7 12. Qb3 Rb8 13. Ba3 O-O 14. Bxe7 Qxe7 15. Qa4 Nb6 16. Qb3 Ba8 17. Qd3 dxc4 18. Nxc4 Nxc4 19. Qxc4 Bxg2 20. Kxg2 Rb4 21. Qc3 Nd5 22. Qd3 Rd8 23. Nc6 Qb7 24. Qc2 Rb6 25. Rac1 Nb4 26. Rfd1 Rxd1 27. Rxd1 Qxc6+ 28. Kf1 Qh1# 0-1


[Site "https://www.chess.com"]

[Event "Titled Tuesday Blitz May 03 Early 2022"]
[White "Zemlyanskii, Ivan"]
[Black "Cunjalo, Faris"]
[WhiteFideId "24249971"]
[BlackFideId "14410710"]
[WhiteElo "1759"]
[BlackElo "2263"]
[Result "0-1"]
[Round "07"]
[TimeControl "180+1"]
[Date "2022.05.03"]
[WhiteClock "0:00:01"]
[BlackClock "0:00:04"]

1. d4 Nf6 2. c4 g6 3. Nc3 d5 4. cxd5 Nxd5 5. e4 Nxc3 6. bxc3 Bg7 7. Nf3 c5 8. Be3 Qa5 9. Nd2 Bd7 10. Be2 Ba4 11. Qc1 O-O 12. O-O cxd4 13. cxd4 Nc6 14. d5 Nd4 15. Bd3 Rac8 16. Nc4 Qa6 17. Qa3 Rxc4 18. Bxc4 Qxc4 19. Rab1 Bb5 20. Qxe7 Ne2+ 21. Kh1 Nc3 22. Rfc1 Qxa2 23. Ra1 Qc4 24. Qxb7 a6 25. f3 f5 26. d6 fxe4 27. fxe4 Qxe4 28. Qxe4 Nxe4 29. Ra2 Nxd6 30. Bc5 Rc8 31. Rac2 Ne4 32. Bb4 Rxc2 33. Rxc2 Bd4 34. Rc8+ Kf7 35. h3 h5 36. Rc7+ Ke6 37. Re7+ Kd5 38. g4 hxg4 39. hxg4 Nf2+ 40. Kg2 Nxg4 41. Kg3 Ne5 42. Kf4 Nc6 43. Rd7+ Kc4 44. Bf8 Bc3 45. Kg5 Kb3 46. Rc7 Nd4 47. Kxg6 Ne6 48. Rxc3+ Kxc3 49. Bd6 Kc4 50. Kf6 Kd5 51. Ba3 a5 52. Kf5 Bd3+ 53. Kf6 a4 54. Bb4 Kc4 55. Ba3 Kb3 56. Bd6 Nd4 57. Be5 Nc6 58. Bd6 Nb4 59. Be5 a3 60. Kg5 a2 61. Kf4 Bb5 62. Ke3 Kc2 63. Ba1 Nd3 64. Bd4 Nb2 65. Bxb2 Kxb2 0-1


[Site "https://www.chess.com"]

[Event "Titled Tuesday Blitz May 03 Early 2022"]
[White "Zhao, Jun"]
[Black "Aldokhin, Ivan"]
[WhiteFideId "8602522"]
[BlackFideId "24115720"]
[WhiteElo "2547"]
[BlackElo "2231"]
[Result "1-0"]
[Round "07"]
[TimeControl "180+1"]
[Date "2022.05.03"]
[WhiteClock "0:01:16"]
[BlackClock "0:00:01"]

1. Nf3 Nf6 2. c4 g6 3. Nc3 Bg7 4. e4 d6 5. d4 O-O 6. h3 Nc6 7. Be3 Re8 8. d5 Nb4 9. Be2 e6 10. Nd2 exd5 11. cxd5 a5 12. O-O Na6 13. Qc2 Bd7 14. Rfe1 Nc5 15. Bxc5 dxc5 16. a4 h5 17. Rad1 Nh7 18. Bb5 c6 19. dxc6 bxc6 20. Bc4 Bxh3 21. gxh3 Qg5+ 22. Kf1 Qh4 23. Re3 Bd4 24. Rg3 Ng5 25. Nf3 Nxf3 26. Rxf3 Ra7 27. b3 Kg7 28. Rdd3 Re5 29. Qd2 Rae7 30. Rxd4 cxd4 31. Qxd4 Kh7 32. Bxf7 Qg5 33. Qd8 Qc1+ 34. Nd1 Qc2 35. Qg8+ Kh6 36. Qxg6# 1-0


[Site "https://www.chess.com"]

[Event "Titled Tuesday Blitz May 03 Early 2022"]
[White "Zlatin, Alexander"]
[Black "Osmak, Yuliia"]
[WhiteFideId "2810549"]
[BlackFideId "14101602"]
[WhiteElo "2228"]
[BlackElo "2302"]
[Result "0-1"]
[Round "07"]
[TimeControl "180+1"]
[Date "2022.05.03"]
[WhiteClock "0:00:02"]
[BlackClock "0:00:06"]

1. d4 d6 2. e4 Nf6 3. Nc3 c6 4. a4 e5 5. Nf3 Nbd7 6. Be3 Be7 7. h3 O-O 8. Be2 Re8 9. O-O Bf8 10. dxe5 dxe5 11. a5 Qc7 12. Bc4 h6 13. Qe2 Nc5 14. Rfd1 Ncxe4 15. Nxe4 Nxe4 16. Bxh6 Bf5 17. Be3 Nd6 18. Bb3 Be6 19. Bxe6 Rxe6 20. Bc5 Nf5 21. Bxf8 Rxf8 22. Qd2 Rd6 23. Qb4 Rd5 24. c4 Rxd1+ 25. Rxd1 e4 26. Ne1 e3 27. fxe3 Nxe3 28. Rd3 Qf4 29. Nf3 Qxc4 30. Qxc4 Nxc4 31. b4 b6 32. axb6 axb6 33. Nd4 Rc8 34. Rc3 Ne5 35. Kf2 f6 36. Ke3 Kf7 37. Ke4 Ke7 38. Nf5+ Kf8 39. Nd6 Rd8 40. Nf5 Kf7 41. Nd4 Rd6 42. g4 g6 43. Ra3 Rd7 44. Ra6 c5 45. bxc5 bxc5 46. Nc6 Nc4 47. Na5 Nxa5 48. Rxa5 Rd4+ 49. Kf3 Rd3+ 50. Ke4 Rc3 51. Rb5 g5 52. Rb6 Kg6 53. Rc6 Rxh3 54. Rxc5 Rg3 55. Rc3 Rxc3 0-1


[Site "https://www.chess.com"]

[Event "Titled Tuesday Blitz May 03 Early 2022"]
[White "Abarca Gonzalez, Nicolas"]
[Black "Dubov, Daniil"]
[WhiteFideId "3409422"]
[BlackFideId "24126055"]
[WhiteElo "2504"]
[BlackElo "2791"]
[Result "1-0"]
[Round "08"]
[TimeControl "180+1"]
[Date "2022.05.03"]
[WhiteClock "0:02:23"]
[BlackClock "0:02:22"]

1. e4 c5 2. Nf3 Nc6 3. Bb5 g6 4. Bxc6 bxc6 5. e5 Bg7 6. O-O f6 7. Re1 fxe5 8. Nxe5 Nf6 9. d4 cxd4 10. Qxd4 O-O 11. c4 c5 12. Qh4 d6 13. Nc6 Qd7 14. Nxe7+ Kh8 15. Nxg6+ Kg8 16. Nxf8 Kxf8 17. Bh6 Kf7 18. Nc3 Bb7 19. Bxg7 Kxg7 20. Re3 Kf7 21. Rae1 1-0


[Site "https://www.chess.com"]

[Event "Titled Tuesday Blitz May 03 Early 2022"]
[White "Aldokhin, Ivan"]
[Black "Saldano Dayer, Horacio"]
[WhiteFideId "24115720"]
[BlackFideId "103411"]
[WhiteElo "2231"]
[BlackElo "2419"]
[Result "0-1"]
[Round "08"]
[TimeControl "180+1"]
[Date "2022.05.03"]
[WhiteClock "0:00:02"]
[BlackClock "0:00:19"]

1. e4 e6 2. d4 d5 3. Nd2 Be7 4. Ngf3 Nf6 5. e5 Nfd7 6. c4 dxc4 7. Nxc4 Nb6 8. Nxb6 axb6 9. Bd3 Bd7 10. O-O Bc6 11. Be3 Bd5 12. a3 c5 13. dxc5 bxc5 14. Qc2 Nc6 15. Be4 Bxe4 16. Qxe4 Qd5 17. Qf4 O-O 18. Rad1 Qb3 19. Nd2 Qc2 20. Rc1 Qxb2 21. Nc4 Qe2 22. Rfe1 Qh5 23. Rb1 Ra4 24. Rxb7 Na5 25. Rxe7 Rxc4 26. Qg3 Rg4 27. Qf3 Nc4 28. h3 Nxe5 29. Qe2 Qxh3 30. f4 Nf3+ 31. Qxf3 Qxf3 0-1


[Site "https://www.chess.com"]

[Event "Titled Tuesday Blitz May 03 Early 2022"]
[White "Al-Tarboush, Ward"]
[Black "Kamsky, Gata"]
[WhiteFideId "7601450"]
[BlackFideId "2000024"]
[WhiteElo "2276"]
[BlackElo "2645"]
[Result "1/2-1/2"]
[Round "08"]
[TimeControl "180+1"]
[Date "2022.05.03"]
[WhiteClock "0:00:06"]
[BlackClock "0:00:06"]

1. e4 e5 2. Nf3 Nc6 3. Bb5 a6 4. Ba4 Nf6 5. O-O Be7 6. d3 d6 7. Nc3 O-O 8. Be3 b5 9. Bb3 Na5 10. h3 Nxb3 11. axb3 Bb7 12. Re1 Re8 13. Qe2 Qc8 14. Bg5 h6 15. Bh4 g5 16. Bg3 Nh5 17. Nh2 Nf4 18. Bxf4 gxf4 19. Qg4+ Kh7 20. Nd5 Bd8 21. c4 c6 22. Nc3 Rg8 23. Qxc8 Rxc8 24. Kh1 Bb6 25. Re2 Rg6 26. Rg1 b4 27. Na4 Ba7 28. g4 c5 29. f3 Rc6 30. h4 Bb8 31. Reg2 Bc7 32. Nf1 Bd8 33. h5 Rg8 34. Nd2 Bc8 35. Nb1 Bd7 36. Nd2 Rc8 37. Ra1 Rb8 38. Nf1 Be7 39. Nh2 Kg7 40. Nf1 Bc6 41. Nd2 Kf8 42. Nf1 Ke8 43. Nh2 Kd7 44. Rag1 Kc7 45. Re2 Bg5 46. Kg2 Bh4 47. Kf1 Rg7 48. Reg2 Rbg8 49. Ke2 Bd7 50. Kd2 f5 51. exf5 Bxf5 52. Ke2 Bd7 53. Nf1 Bc6 54. Nd2 Bd8 55. Ne4 Bxe4 56. dxe4 Kc6 57. Rd1 Be7 58. Kf1 Rf7 59. Rgd2 Rfg7 60. Kg2 Rg5 61. Kh3 Rc8 62. Ra1 Rb8 63. Nxc5 Kxc5 64. Rxa6 Rb6 65. Rd5+ Kc6 66. Ra7 Rb7 67. Rxb7 Kxb7 68. Rb5+ Kc7 69. Rxb4 d5 70. Ra4 d4 71. Ra7+ Kd8 72. Kg2 Rg7 73. Kf1 Bf8 74. Rxg7 Bxg7 75. Ke2 Bf8 76. Kd3 Kc7 77. Kc2 Kb6 78. b4 Bxb4 79. g5 hxg5 80. h6 Bf8 81. h7 Bg7 82. b4 Kc6 83. Kd3 Kb6 84. Ke2 Kc6 85. Kd3 Kb6 86. Ke2 Kc6 87. Kd3 1/2-1/2


[Site "https://www.chess.com"]